AoeStats
← 已严肃退出多人局

Arabia

509562362Analyzed
4v4 RM · 6d ago on Sep 27, 2026· 31m 3s· 8 players
Game mode
Random Map
Map size
Large (8 player)
Population
200
Speed
Normal
Resources
Standard
Victory
Conquest
Starting age
Dark Age
Ending age
Imperial Age
RankedLock teamsTeams togetherTeam positionsShared explorationLock speedFull tech treeHidden civsTurbo modeCheats
Victory
Defeat
🇨🇳 Maya · China
2060
+6
🇨🇳 Slavs · China
1840
+13
🇭🇰 Italians · Hong Kong SAR China
1824
+14
🇨🇳 Varangians · China
1793
+14
🇻🇳 Maya · Vietnam
1842
-15
1774
-11
🇻🇳 Saracens · Vietnam
1761
-11
🇻🇳 Varangians · Vietnam
1750
-10
温蒂
6:16 Loom
8:49 Feudal Age
9:28 Double-Bit Axe
14:46 Bloodlines
16:41 Scale Barding Armor
17:11 Forging
20:09 Wheelbarrow
22:48 Castle Age
21:17 Horse Collar
23:11 Light Cavalry
24:02 Husbandry
24:40 Chain Barding Armor
28:39 Iron Casting
29:12 Iron Casting
30:58 Bow Saw
30:55 Gold Mining
qingchen3457
6:35 Loom
8:57 Feudal Age
9:32 Double-Bit Axe
12:35 Town Watch
16:16 Scale Barding Armor
17:31 Forging
23:16 Castle Age
21:59 Bloodlines
22:16 Horse Collar
23:27 Gold Mining
23:19 Light Cavalry
24:21 Chain Barding Armor
24:41 Husbandry
27:23 Bow Saw
30:31 Wheelbarrow
31:48 Hand Cart
CNZS_Dadaya
0:25 Loom
9:35 Feudal Age
10:13 Double-Bit Axe
13:11 Fletching
15:45 Padded Archer Armor
22:51 Castle Age
21:17 Gold Mining
21:36 Horse Collar
23:31 Bodkin Arrow
22:57 Crossbowman
25:55 Ballistics
已严肃退出多人局
3:02 Loom
8:51 Feudal Age
9:30 Double-Bit Axe
11:45 Fletching
21:23 Castle Age
19:20 Horse Collar
20:00 Padded Archer Armor
20:13 Gold Mining
21:28 Crossbowman
22:03 Bodkin Arrow
23:51 Wheelbarrow
23:52 Bow Saw
24:57 Ballistics
26:10 Leather Archer Armor
28:25 Heavy Plow
29:16 Wheelbarrow
28:44 Town Watch
30:53 Hand Cart
30:46 Stone Mining
ĐLucky
0:26 Loom
9:35 Feudal Age
13:03 Fletching
17:09 Padded Archer Armor
18:12 Double-Bit Axe
24:25 Castle Age
22:35 Horse Collar
24:32 Crossbowman
25:07 Bodkin Arrow
27:27 Ballistics
30:36 Gold Mining
Seohyun de thuong lam ne`
2:57 Loom
9:08 Feudal Age
17:12 Fletching
23:41 Castle Age
23:45 Crossbowman
24:25 Bodkin Arrow
25:40 Ballistics
26:07 Padded Archer Armor
26:21 Double-Bit Axe
chuoi
6:48 Loom
9:17 Feudal Age
9:47 Double-Bit Axe
15:30 Scale Barding Armor
16:39 Bloodlines
16:29 Horse Collar
18:52 Forging
20:22 Wheelbarrow
23:03 Castle Age
21:51 Gold Mining
23:05 Light Cavalry
24:07 Chain Barding Armor
26:27 Bow Saw
29:27 Husbandry
VNS_Alibaba_
1:31 Loom
8:51 Feudal Age
14:38 Bloodlines
15:59 Scale Barding Armor
20:36 Double-Bit Axe
22:30 Wheelbarrow
30:11 Castle Age
28:55 Gold Mining
28:56 Stone Mining
Connection lost

Rejoining the realm…

Still unreachable

The connection could not be restored.

Session expired

The server has moved on; the page needs a fresh start.